 Dungeon Crawl Stone Soup version 0.32-a0-711-g016ad743e0 (webtiles) character file.

Game seed: 9162926026086010445

307 souperman1983 the Shooter (level 6, -7/32 HPs)
             Began as a Spriggan Hunter on Mar 16, 2024.
             Mangled by Duvessa
             ... wielding a +1 rapier of speed
              (10 damage)
             ... on level 4 of the Dungeon.
             The game lasted 00:07:30 (2517 turns).

souperman1983 the Shooter (Spriggan Hunter)         Turns: 2517, Time: 00:07:32

Health: -7/32      AC:  2    Str:  7    XL:     6   Next: 16%
Magic:  7/7        EV: 18    Int: 14    God:
Gold:   165        SH:  0    Dex: 20    Spells: 5/5 levels left

rFire   . . .        p - +8 falchion of Indignation {flame, rC+ Int+3}
rCold   + . .        (no shield)
rNeg    . . .        c - +0 robe
rPois   .            (helmet restricted)
rElec   .            (no cloak)
rCorr   .            (gloves unavailable)
SInv    +            (boots unavailable)
Will    +....        g - amulet of regeneration
Stlth   +++          (no ring)
HPRegen 1.05/turn    (no ring)
MPRegen 0.10/turn

%: no passive effects
@: very quick
A: very small, no large weapons, unfitting armour, see invisible, speed 3
a: no special abilities


You were on level 4 of the Dungeon.
You visited 1 branch of the dungeon, and saw 4 of its levels.

You collected 165 gold pieces.

Inventory:

Hand Weapons
 a - a +0 shortbow
 h - a +0 dagger of speed
 p - the +8 falchion of Indignation (weapon) {flame, rC+ Int+3}
   (You found it on level 3 of the Dungeon)

   Int+3:     It affects your intelligence (+3).
   rC+:       It protects you from cold.
Armour
 c - a +0 robe (worn)
Jewellery
 g - an amulet of regeneration (around neck)
Wands
 u - a wand of mindburst (9)
Scrolls
 b - a scroll of butterflies
 d - 2 scrolls of noise {unknown}
 e - 4 scrolls of blinking {unknown}
 f - a scroll of acquirement {unknown}
 i - 3 scrolls of identify {unknown}
 l - a scroll of teleportation {unknown}
 m - a scroll of enchant armour {unknown}
 n - 2 scrolls of amnesia {unknown}
 q - a scroll of brand weapon {unknown}
 r - a scroll of enchant weapon {unknown}
 s - a scroll of torment {unknown}
Potions
 k - a potion of might {unknown}
 o - a potion of ambrosia {unknown}
 t - a potion of heal wounds {unknown}


   Skills:
 + Level 2.7 Fighting
 - Level 0.6 Long Blades
 + Level 5.8 Ranged Weapons
 + Level 4.1 Dodging
 + Level 3.9 Stealth


You had 5 spell levels left.
You didn't know any spells.
Your spell library contained the following spells:

 Spells                   Type           Power      Damage    Failure   Level
 Sandblast                Erth           0%         2d4       28%         1
 Sublimation of Blood     Necr           0%         N/A       41%         2
 Inner Flame              Hex/Fire       0%         N/A       65%         3
 Stone Arrow              Conj/Erth      0%         3d7       65%         3
 Brom's Barrelling Bould  Conj/Erth      0%         2d3       96%         4
 Flame Wave               Conj/Fire      0%         2d4       96%         4
 Petrify                  Alch/Erth      0%         N/A       96%         4
 Sticky Flame             Fire/Alch      0%         2d4       96%         4
 Irradiate                Conj/Alch      0%         3d11      100%        5


Dungeon Overview and Level Annotations

Branches:
Dungeon (4/15)
 Temple: D:4-7

Altars:
Elyvilon

Annotations:
D:4 Dowan, Duvessa


Innate Abilities, Weirdness & Mutations

You are very small and have problems with some larger weapons.
You are too small for most types of armour.
You have supernaturally acute eyesight. (SInv)
You cover ground extremely quickly. (Speed+++)


Message History

Dowan gestures at Duvessa while chanting.
Duvessa seems to speed up.
You shoot an arrow. The arrow barely misses Duvessa.
The arrow hits Dowan!
Dowan is moderately wounded.
Duvessa closely misses you.
You shoot an arrow.
The arrow hits Duvessa but does no damage.
Duvessa completely misses you. Duvessa closely misses you.
You shoot an arrow.
The arrow hits Duvessa but does no damage.
Duvessa barely misses you.
Duvessa hits you with a +1 rapier of speed!
Duvessa barely misses you.
You shoot an arrow.
The arrow hits Duvessa but does no damage.
Duvessa hits you with a +1 rapier of speed!
Dowan gestures wildly while chanting.
Dowan blinks!
Duvessa hits you with a +1 rapier of speed.
* * * LOW HITPOINT WARNING * * *
Duvessa attacks as she pursues you! Duvessa closely misses you.
Duvessa attacks as she pursues you! Duvessa closely misses you.
You feel clever.
The +8 falchion of Indignation {flame, rC+ Int+3} bursts into flame!
p - the +8 falchion of Indignation (weapon)
{flame, rC+ Int+3} It was a potion of curing.
You feel better.
Duvessa hits you with a +1 rapier of speed!
You slash Duvessa! You burn Duvessa.
Duvessa is heavily wounded.
Duvessa hits you with a +1 rapier of speed!
* * * LOW HITPOINT WARNING * * *
Duvessa barely misses you.
Duvessa hits you with a +1 rapier of speed.
* * * LOW HITPOINT WARNING * * *
You hit Duvessa. You burn Duvessa.
Duvessa is heavily wounded.
Duvessa closely misses you. x2
Duvessa says, "Beauty is only skin deep, and my weapons penetrate much further than that."
Duvessa hits you with a +1 rapier of speed!
You die...

#.......#........#
#.###...#........#
....#...#........#
#.#.#...#........#
#.#<#...#........#
#.#.#...#........#
#.#.....#.......[#
#.#.....#.####'#.#
#.#####.#.# #.#@#
#.. #.# #.#e#
#########.# #.#.#
..........# #)#.#
########### #.#.#
#. ..#.# #. #.# #.
#e#
#.############.#


You could see Duvessa (fast) and Dowan.

Vanquished Creatures
  A bombardier beetle (D:3)
  An orc priest (D:3)
  A hound (D:3)
  Ijyb (D:4)
  Terence (D:3)
  An orc wizard (D:3)
  A gnoll (D:1)
  3 adders
  2 dart slugs
  5 ribbon worms
  5 orcs
  9 endoplasms
  3 giant cockroaches
  9 goblins
  4 hobgoblins
  8 jackals
  A quokka (D:1)
  4 ball pythons
  10 bats
  2 frilled lizards
  8 kobolds
  11 rats
91 creatures vanquished.

Notes
Turn   | Place    | Note
-------+----------+-------------------------------------------
     0 | D:1      | souperman1983 the Spriggan Hunter began the quest for the
                  | Orb.
     0 | D:1      | Reached XP level 1. HP: 10/10 MP: 2/2
    44 | D:1      | Reached XP level 2. HP: 11/15 MP: 3/3
   362 | D:1      | Reached XP level 3. HP: 18/18 MP: 4/4
   925 | D:2      | Reached XP level 4. HP: 23/23 MP: 5/5
  1306 | D:2      | Found a faded altar of an unknown god.
  1335 | D:3      | Identified the +8 falchion of Indignation {flame, rC+
                  | Int+3}
  1358 | D:3      | Noticed Terence
  1363 | D:3      | Reached skill level 5 in Ranged Weapons
  1363 | D:3      | Reached XP level 5. HP: 23/27 MP: 6/6
  1456 | D:3      | Found a white marble altar of Elyvilon.
  1744 | D:3      | Killed Terence
  2326 | D:4      | Reached XP level 6. HP: 32/32 MP: 7/7
  2416 | D:4      | Noticed Ijyb
  2426 | D:4      | Killed Ijyb
  2487 | D:4      | Noticed Duvessa
  2488 | D:4      | Noticed Dowan
  2516 | D:4      | HP: 1/32 [Duvessa/+1 rapier of speed (6)]
  2517 | D:4      | Mangled by Duvessa

Illustrated notes

Levels and vault maps discovered:
D:1:      onia_arrival_handbag, layout_basic, nicolae_the_louvre
D:2:      layout_loops_ring, dreamdust_ecumenical_altar_statues, minmay_3d_cube
D:3:      layout_loops_corners, mainiacjoe_overflow_six_doors_small,
          chequers_serial_rivers_small_3, hangedman_abyss_or_decor_stabs,
          kennysheep_generic_room_15, uniq_terence
D:4:      layout_basic, hangedman_decor_push, uniq_ijyb, uniq_duvessa

Skill      XL: |  1  2  3  4  5 |
---------------+----------------+-----
Stealth        | 2 3 |  3.9
Dodging        | 3 4 |  4.1
Fighting       | 2 |  2.7
Ranged Weapons | 5 |  5.8
Long Blades    | |  0.6

Action                     |  1- 3 |  4- 6 || total
---------------------------+-------+-------++-------
  Melee: Falchion          |       |    52 ||    52
   Fire: Shortbow          |   106 |    67 ||   173
    Use: Potion            |       |     1 ||     1
   Stab: Sleeping          |       |     5 ||     5
 Armour: Robe              |    13 |    30 ||    43
  Dodge: Dodged            |    30 |    59 ||    89

Table legend: (Time is in decaauts)
 A = Elapsed time spent in this place.
 B = Non-inter-level travel time spent in this place.
 C = Inter-level travel time spent in this place.
 D = Time resting spent in this place.
 E = Time spent auto-exploring this place.
 F = Levels seen in this place.
 G = Mean time per level.
                   A        B        C        D        E       F      G
               +--------+--------+--------+--------+--------+-----+--------+
         Total |   1690 |   1670 |     20 |      0 |   1216 |   4 |  422.5 |
       Dungeon |   1690 |   1670 |     20 |      0 |   1216 |   4 |  422.5 |
               +--------+--------+--------+--------+--------+-----+--------+

Top non-repeatable levels by time:
     D:3: 652 daAuts
     D:2: 448 daAuts
     D:1: 447 daAuts
     D:4: 142 daAuts
